 Dungeon Crawl Stone Soup version 0.23.2-40-g277498a001 (webtiles) character file.

Game seed: 1745091455147564090

4513 Glalom the Covert (level 10, -1/49 HPs)
             Began as a Spriggan Enchanter on Oct 17, 2019.
             Was a Believer of Dithmenos.
             Slain by an orc warrior
             ... wielding a cursed -2 war axe
              (22 damage)
             ... in a bailey.
             The game lasted 00:44:31 (10682 turns).

Glalom the Covert (Spriggan Enchanter)             Turns: 10682, Time: 00:44:31

Health: -1/49      AC:  5    Str:  6    XL:     10   Next: 16%
Magic:  2/20       EV: 27    Int: 18    God:    Dithmenos [**....]
Gold:   223        SH:  0    Dex: 17    Spells: 15/21 levels left

rFire    . . .     SeeInvis +   w - +2 dagger (vamp) {!w}
rCold    . . .     Gourm    .   (shield restricted)
rNeg     . . .     Faith    .   b - +0 robe
rPois    .         Spirit   .   (helmet restricted)
rElec    .         Reflect  .   C - +2 cloak
rCorr    .         Harm     .   (gloves unavailable)
MR       +....                  (boots unavailable)
Stlth    +++++++...             p - amulet of regeneration
HPRegen  0.56/turn              h - +4 ring of evasion
MPRegen  0.17/turn              f - ring of stealth

@: wreathed by umbra, very quick
A: very small, unfitting armour, see invisible, herbivore, speed 3, slow
metabolism 2
a: Shadow Step, Renounce Religion


You were in a bailey.
You worshipped Dithmenos.
Dithmenos was pleased with you.
You were hungry.

You visited 2 branches of the dungeon, and saw 9 of its levels.
You also visited: Bailey.

You collected 410 gold pieces.
You spent 187 gold pieces at shops.

Inventory:

Hand Weapons
 w - a +2 vampiric dagger (weapon) {!w}
   (You took it off an orc wizard on level 3 of the Dungeon)
Missiles
 y - 2 steel tomahawks (quivered)
 H - 3 exploding tomahawks
Armour
 b - a +0 robe (worn)
 q - a +0 cloak
   (You found it on level 2 of the Dungeon)
 C - a +2 cloak (worn)
   (You bought it in a shop on level 5 of the Dungeon)
Jewellery
 a - a +2 ring of dexterity
   (You found it on level 2 of the Dungeon)
 c - an uncursed amulet of faith {!P}
   (You found it on level 1 of the Dungeon)
 f - a ring of stealth (right hand)
   (You found it on level 1 of the Dungeon)
 h - a +4 ring of evasion (left hand)
   (You found it on level 1 of the Dungeon)
 i - an uncursed ring of flight
   (You found it on level 1 of the Dungeon)
 l - an uncursed ring of protection from magic
   (You found it on level 1 of the Dungeon)
 p - an amulet of regeneration (around neck)
   (You found it on level 3 of the Dungeon)
Wands
 d - a wand of iceblast (9)
   (You found it on level 6 of the Dungeon)
 t - a wand of flame (17)
   (You found it on level 3 of the Dungeon)
Scrolls
 j - 2 scrolls of identify {@r1}
 r - a scroll of fog
 v - 2 scrolls of teleportation {@r4}
 x - 2 scrolls of remove curse {@r2}
Potions
 g - a potion of invisibility {unknown}
 k - 4 potions of degeneration {unknown}
 m - 2 potions of lignification {unknown}
 n - 6 potions of curing {unknown}
 o - 2 potions of might {unknown}
 s - a potion of cancellation {unknown}
 u - a potion of brilliance {unknown}
 z - a potion of mutation {unknown}
 A - 2 potions of resistance {unknown}
 B - 2 potions of haste {@q3}
 D - a potion of heal wounds {unknown}
Comestibles
 e - 2 rations {!d}


   Skills:
 - Level 3.2 Fighting
 + Level 9.6 Short Blades
 - Level 7.4 Dodging
 - Level 10.0 Stealth
 + Level 6.4 Spellcasting
 + Level 9.0 Hexes


You had 15 spell levels left.
You knew the following spells:

 Your Spells              Type           Power        Failure   Level  Hunger
a - Corona                Hex            #####..      1%          1    None
c - Confuse               Hex            #####...     1%          3    ##.....
x - Ensorcelled Hibernat  Hex/Ice        ###...       2%          2    None

Your spell library contained the following spells:

 Spells                   Type           Power        Failure   Level  Hunger
 Tukima's Dance           Hex            #####...     1%          3    ##.....
 Dazzling Spray           Conj/Hex       ###...       5%          3    ##.....


Dungeon Overview and Level Annotations

Branches:
Dungeon (8/15)             Temple (1/1) D:5
   Lair: D:8-11

Altars:
Ashenzari
Cheibriados
Dithmenos
Elyvilon
Fedhas
Gozag
Hepliaklqana
Kikubaaqudgha
Makhleb
Nemelex Xobeh
Okawaru
Qazlal
Ru
Sif Muna
Trog
Uskayaw
Vehumet
Wu Jian
Xom
Yredelemnul
Zin
The Shining One
Beogh

Shops:
D:5 [

Annotations:
D:6 3 runed translucent doors, Pyrotika's ghost, novice SpAs


Innate Abilities, Weirdness & Mutations

You are very small and have problems with some larger weapons.
You are too small for most types of armour.
You have supernaturally acute eyesight. (SInv)
You are a herbivore.
You cover ground extremely quickly.
You need to consume almost no food.


Message History

You hit the gnoll. The hobgoblin completely misses you. x2
You hit the gnoll but do no damage. The gnoll completely misses you.
You hit the gnoll but do no damage. The hobgoblin closely misses you.
The hobgoblin hits you with a +0 hand axe.
You hit the gnoll. The gnoll hits you with a +0 hand axe.
You barely miss the gnoll.
The hobgoblin hits you but does no damage. x2
You barely miss the gnoll. The gnoll completely misses you.
You hit the gnoll but do no damage. The hobgoblin completely misses you.
The hobgoblin closely misses you.
You hit the gnoll.
You feel better.
You kill the gnoll!
Dithmenos accepts your kill.
You hit the goblin.
You feel better. The hobgoblin completely misses you.
The hobgoblin hits you but does no damage.
You hit the goblin but do no damage. The goblin completely misses you.
You hit the goblin.
You feel better.
You kill the goblin!
Dithmenos accepts your kill. The hobgoblin completely misses you.
The hobgoblin misses you.
You closely miss the orc warrior.
You hit the orc warrior but do no damage.
The orc warrior barely misses you. The hobgoblin misses you.
The hobgoblin completely misses you.
You completely miss the orc warrior.
You hit the orc warrior but do no damage.
The orc warrior completely misses you. The hobgoblin completely misses you. x2
You closely miss the orc warrior. You hit the orc warrior.
The hobgoblin misses you.
The orc warrior hits you with a cursed -2 war axe!
You hit the orc warrior.
You feel better. The hobgoblin misses you.
Aim: an orc warrior, wielding a -2 war axe and wearing a +0 ring mail (moderately wounded, umbra, chance to defeat MR: 51%)
The orc warrior resists with some effort.
The hobgoblin completely misses you. x2; The orc warrior misses you.
Aim: an orc warrior, wielding a -2 war axe and wearing a +0 ring mail (moderately wounded, umbra, chance to defeat MR: 51%)
The orc warrior resists with some effort.
The hobgoblin barely misses you. The hobgoblin misses you.
The orc warrior hits you with a cursed -2 war axe!
Aim: an orc warrior, wielding a -2 war axe and wearing a +0 ring mail (moderately wounded, umbra, chance to defeat MR: 51%)
The orc warrior resists with some effort.
The hobgoblin closely misses you. x2
Aim: an orc warrior, wielding a -2 war axe and wearing a +0 ring mail (moderately wounded, umbra, chance to defeat MR: 51%)
The orc warrior resists with some effort.
The orc warrior hits you with a cursed -2 war axe!
* * * LOW HITPOINT WARNING * * *
The hobgoblin hits you but does no damage.
The hobgoblin completely misses you.
You closely miss the orc warrior.
The orc warrior hits you with a cursed -2 war axe!!
You die...

#'###≈(≈###+#
#...K≈(≈K...#
#'###≈(≈###+#
#^.KK≈.≈K..^#
#'###≈(≈###+#
#....≈(≈K...#
#'###≈(≈###+#
#....≈(≈K...#
######@######


#gog# #gog# #.).# ##'## ...# ..8..g g#...#.. ####.##### You could see an orc
warrior, a gnoll, an orc, 2 hobgoblins, a goblin and 6 kobolds.

Vanquished Creatures
  Pikel (D:6)
  2 orc knights (Bailey)
  A troll (D:7)
  A hungry ghost (D:7)
  Edmund (D:4)
  A water moccasin (D:5)
  A sky beast (D:4)
  A phantom (D:5)
  An orc warrior (Bailey)
  3 centaurs
  2 ogres
  A bullfrog (D:6)
  2 scorpions
  14 killer bees
  3 crimson imps
  A centaur zombie (D:7)
  2 bullfrog zombies
  4 orc priests
  2 centaur skeletons
  A gnoll shaman (D:6)
  3 hounds
  9 orc wizards
  A bullfrog skeleton (D:6)
  3 iguanas
  2 worker ants (D:5)
  A hound skeleton (D:6)
  A worker ant zombie (D:6)
  10 gnolls
  6 adders
  A howler monkey skeleton (D:7)
  A shadow imp (D:8)
  An ooze (D:2)
  2 adder zombies (D:5)
  A worm (D:4)
  4 dart slugs
  4 leopard geckos
  22 orcs
  2 ball pythons (D:3)
  5 giant cockroaches
  9 goblins
  6 hobgoblins
  9 jackals
  3 kobolds
  5 quokkas
  9 bats
  2 frilled lizards
  A jackal zombie (D:1)
  2 leopard gecko skeletons
  A leopard gecko zombie (D:1)
  A quokka zombie (D:5)
  9 rats
181 creatures vanquished.

Notes
Turn   | Place    | Note
-------+----------+-------------------------------------------
     0 | D:1      | Glalom the Spriggan Enchanter began the quest for the Orb.
     0 | D:1      | Reached XP level 1. HP: 9/9 MP: 5/5
   151 | D:1      | Reached XP level 2. HP: 13/13 MP: 6/6
   488 | D:1      | Reached skill level 5 in Stealth
   913 | D:2      | Reached XP level 3. HP: 16/16 MP: 8/8
  2660 | D:2      | Reached XP level 4. HP: 16/21 MP: 9/9
  3145 | D:3      | Reached XP level 5. HP: 24/24 MP: 10/10
  3436 | D:4      | Reached skill level 6 in Stealth
  4100 | D:4      | Noticed Edmund
  4296 | D:4      | Reached skill level 5 in Short Blades
  4674 | D:4      | Noticed a sky beast
  4948 | D:4      | Learned a level 3 spell: Confuse
  5137 | D:4      | Reached XP level 6. HP: 20/28 MP: 4/11
  5397 | D:4      | Killed a sky beast
  5397 | D:4      | Reached skill level 7 in Stealth
  5484 | D:4      | Killed Edmund
  5493 | D:4      | Reached skill level 8 in Stealth
  5493 | D:4      | Reached XP level 7. HP: 32/32 MP: 6/12
  5601 | D:4      | Found a blossoming altar of Fedhas.
  5705 | D:4      | Reached skill level 5 in Hexes
  6122 | D:5      | Entered Level 5 of the Dungeon
  6128 | D:5      | Found a snail-covered altar of Cheibriados.
  6242 | D:5      | Found a staircase to the Ecumenical Temple.
  6251 | Temple   | Entered the Ecumenical Temple
  6346 | Temple   | Became a worshipper of Dithmenos the Shadowed
  6413 | D:5      | Reached skill level 5 in Dodging
  6489 | D:5      | Found Riocvofoets's Antique Armour Emporium.
  6498 | D:5      | Bought an embroidered cloak for 187 gold pieces
  6671 | D:5      | Reached skill level 1 in Fighting
  6671 | D:5      | Reached skill level 9 in Stealth
  7057 | D:5      | Reached skill level 10 in Stealth
  7057 | D:5      | Reached XP level 8. HP: 38/38 MP: 13/13
  7547 | D:5      | Reached * piety under Dithmenos
  7672 | D:6      | Noticed Pikel
  7808 | D:6      | Found an iron altar of Okawaru.
  8087 | D:6      | Found a white marble altar of Elyvilon.
  8647 | D:6      | Found a runed translucent gate.
  8648 | D:6      | Found a runed translucent gate.
  8648 | D:6      | Noticed Pyrotika's ghost (novice SpAs)
  8649 | D:6      | Found a runed translucent gate.
  9043 | D:6      | Killed Pikel
  9043 | D:6      | Reached XP level 9. HP: 38/44 MP: 10/14
  9154 | D:6      | Found a roughly hewn altar of Beogh.
  9261 | D:7      | Reached ** piety under Dithmenos
  9500 | D:7      | Noticed a troll
  9511 | D:7      | Killed a troll
  9552 | D:7      | Found a radiant altar of Vehumet.
  9986 | D:7      | Reached skill level 5 in Spellcasting
  9990 | D:7      | Learned a level 2 spell: Ensorcelled Hibernation
 10379 | D:8      | Found a flagged portal.
 10517 | Bailey   | Entered a bailey
 10537 | Bailey   | Noticed an orc knight
 10568 | Bailey   | Killed an orc knight
 10568 | Bailey   | Reached XP level 10. HP: 49/49 MP: 9/19
 10601 | Bailey   | Noticed an orc knight
 10616 | Bailey   | Identified the +3 troll leather armour of Marbles {rC+ MR-
                  | Regen+ Str+2 Stlth+}
 10618 | Bailey   | Killed an orc knight
 10682 | Bailey   | Slain by an orc warrior

Skill      XL: |  1  2  3  4  5  6  7  8  9 10 |
---------------+-------------------------------+-----
Short Blades   | 2 3 4 5 8 9 |  9.6
Stealth        | 5 6 8 10 | 10.0
Hexes          | 4 5 6 8 9 |  9.0
Dodging        | 4 5 7 |  7.4
Fighting       | 1 3 |  3.2
Spellcasting   | 5 6 |  6.4

Action                   |  1- 3 |  4- 6 |  7- 9 | 10-12 || total
-------------------------+-------+-------+-------+-------++-------
Melee: Dagger            |   152 |   155 |   681 |    82 ||  1070
 Cast: Confuse           |       |    10 |    37 |       ||    47
       Ensorcelled Hiber |       |       |     2 |     9 ||    11
  Use: Scroll            |       |     1 |    10 |       ||    11
 Stab: Sleeping          |    14 |     9 |    26 |     2 ||    51
       Distracted        |     1 |     4 |     3 |       ||     8
       Confused          |       |     5 |    18 |       ||    23
  Eat: Ration            |       |     1 |     6 |       ||     7
Armor: Robe              |     7 |    15 |    26 |     6 ||    54
Dodge: Dodged            |   106 |    88 |   655 |   124 ||   973
